 Dungeon Sprint DCSS version 0.30-a0-1161-g0704695555 (webtiles) character file.

Game seed: 7071711601978986480

2481 sircluck the Severer (level 9, -9/96 HPs)
             Began as a Hill Orc Berserker on Apr 27, 2023.
             Was a High Priest of Trog.
             Mangled by a two-headed ogre
             ... wielding a +0 giant spiked club
              (25 damage)
             ... in the Dungeon (Sprint III: "The Ten Rune Challenge").
             The game lasted 00:02:52 (1312 turns).

sircluck the Severer (Hill Orc Berserker)           Turns: 1312, Time: 00:02:53

Health: -9/96      AC:  4    Str: 24    XL:     9   Next: 51%
Magic:  9/9        EV: 13    Int:  7    God:    Trog [*****.]
Gold:   45         SH:  0    Dex: 10    Spells: 8/8 levels left

rFire   . . .        r - +0 battleaxe
rCold   . . .        (shield currently unavailable)
rNeg    . . .        i - +0 leather armour
rPois   .            (no helmet)
rElec   .            (no cloak)
rCorr   .            (no gloves)
SInv    .            (no boots)
Will    .....        (no amulet)
Stlth   ++           (no ring)
HPRegen 0.36/turn    (no ring)
MPRegen 0.11/turn

%: no teleportation
@: on berserk cooldown, slowed, very slow
A: no striking features
a: Renounce Religion, Berserk, Trog's Hand, Brothers in Arms


You were in the Dungeon.
You worshipped Trog.
Trog was extremely pleased with you.
You visited 1 branch You collected 45 gold pieces.

Inventory:

Hand Weapons
 a - a +0 hand axe
 r - a +0 battleaxe (weapon)
Armour
 b - a +0 animal skin
 i - a +0 leather armour (worn)
Scrolls
 h - a scroll of blinking
 k - a scroll of poison {unknown}
 l - a scroll of identify {unknown}
 n - a scroll of torment {unknown}
 o - a scroll of fear {unknown}
Potions
 c - a potion of curing
 d - 2 potions of heal wounds
 e - a potion of haste
 f - 2 potions of magic
 g - 2 potions of berserk rage
 j - 5 potions of mutation {unknown}
 m - 2 potions of invisibility {unknown}
 p - a potion of degeneration {unknown}
Miscellaneous
 q - a lightning rod (4/4)


   Skills:
 + Level 14.5 Fighting
 + Level 17.5 Axes
 + Level 9.0 Armour
 + Level 6.4 Dodging
 + Level 3.7 Stealth


You had 8 spell levels left.
You didn't know any spells.
Your spell library was empty.

Dungeon Overview and Level Annotations

Branches:
Dungeon (1/1)

Altars:
Cheibriados
Dithmenos
Elyvilon
Fedhas
Gozag
Hepliaklqana
Kikubaaqudgha
Makhleb
Nemelex Xobeh
Okawaru
Qazlal
Ru
Sif Muna
Trog
Uskayaw
Vehumet
Wu Jian
Xom
Yredelemnul
Zin
The Shining One
Beogh
Jiyva
Lugonu


Message History

Trog accepts your kill.
Your Armour skill increases to level 9!
Items here: ) [ ††.
You start resting.
A two-headed ogre comes into view. It is wielding two +0 giant clubs.
A two-headed ogre is nearby!
A two-headed ogre is nearby!
The two-headed ogre shouts in stereo!
You slice the two-headed ogre!!
The two-headed ogre is heavily wounded.
The two-headed ogre barely misses you.
The two-headed ogre hits you with a +0 giant club.
You slice the two-headed ogre!!
You kill the two-headed ogre!
Trog accepts your kill.
You slash the two-headed ogre!
The two-headed ogre is moderately wounded.
The two-headed ogre hits you with a +0 giant spiked club!!
The two-headed ogre misses you.
You slash the two-headed ogre!
The two-headed ogre is heavily wounded.
The two-headed ogre closely misses you.
The two-headed ogre hits you with a +0 giant club!
You slash the two-headed ogre!
The two-headed ogre is severely wounded.
The two-headed ogre closely misses you. The two-headed ogre barely misses you.
You slash the two-headed ogre!
The two-headed ogre is severely wounded.
You slash the two-headed ogre!
The two-headed ogre is almost dead.
The two-headed ogre hits you with a +0 giant spiked club!!
* * * LOW HITPOINT WARNING * * *
The two-headed ogre misses you.
You hit the two-headed ogre.
The two-headed ogre is almost dead.
The two-headed ogre closely misses you. x2
You hit the two-headed ogre but do no damage.
The two-headed ogre is almost dead.
The two-headed ogre hits you with a +0 giant spiked club!!
You die...

### __# ._# )## ..# ..#
#'# ..#+##############
..#....#.#.#....@#
..##.#..#.##)###O#
..'##.#.#.##.#..##
..#.))#..#..##..'^..^^.
▓▓▓▓▓▓▓▓▓▓▓▓▓▓▓▓#^s..^.
^...^. ..... ..... ####


You could see a two-headed ogre.

Vanquished Creatures
  Erolcha (D)
  A deep elf pyromancer (D)
  A shadow (D)
  A redback (D)
  A spatial vortex (D)
  4 two-headed ogres (D)
  A necrophage (D)
  A scorpion (D)
  A water elemental (D)
  A jelly (D)
  Jessica (D)
  A wizard (D)
  A necromancer (D)
  A kobold demonologist (D)
  3 humans (D)
  An endoplasm (D)
  A rat (D)
22 creatures vanquished.

Notes
Turn   | Place    | Note
-------+----------+-------------------------------------------
     0 | D        | sircluck the Hill Orc Berserker began the quest for the
                  | Orb.
     0 | D        | Reached XP level 1. HP: 19/19 MP: 1/1
    53 | D        | Noticed Jessica
    64 | D        | Killed Jessica
    64 | D        | Reached ** piety under Trog
    65 | D        | Reached skill level 5 in Fighting
    65 | D        | Reached skill level 6 in Axes
    65 | D        | Reached XP level 2. HP: 5/30 MP: 2/2
    65 | D        | Reached XP level 3. HP: 6/37 MP: 3/3
   245 | D        | Noticed a scorpion
   249 | D        | Killed a scorpion
   250 | D        | Reached skill level 8 in Axes
   250 | D        | Reached XP level 4. HP: 47/47 MP: 4/4
   300 | D        | Noticed a water elemental
   321 | D        | Killed a water elemental
   322 | D        | Reached skill level 9 in Axes
   322 | D        | Reached skill level 1 in Stealth
   322 | D        | Reached XP level 5. HP: 53/53 MP: 5/5
   383 | D        | Found a basalt altar of Yredelemnul.
   383 | D        | Found a shadowy altar of Dithmenos.
   383 | D        | Found a sacrificial altar of Ru.
   397 | D        | Reached *** piety under Trog
   398 | D        | Reached skill level 10 in Axes
   401 | D        | Reached XP level 6. HP: 63/63 MP: 6/6
   447 | D        | Found a radiant altar of Vehumet.
   447 | D        | Found a shimmering blue altar of Sif Muna.
   447 | D        | Found an ancient bone altar of Kikubaaqudgha.
   450 | D        | Reached **** piety under Trog
   451 | D        | Reached skill level 5 in Armour
   453 | D        | Noticed an orange demon
   461 | D        | Reached skill level 11 in Axes
   632 | D        | Found a hide-covered altar of Uskayaw.
   632 | D        | Found a roughly hewn altar of Beogh.
   632 | D        | Found an iron altar of Okawaru.
   632 | D        | Found a bloodstained altar of Trog.
   632 | D        | Found an ornate altar of the Wu Jian Council.
   632 | D        | Noticed a human
   638 | D        | Killed a human
   639 | D        | Reached skill level 10 in Fighting
   639 | D        | Reached skill level 12 in Axes
   639 | D        | Noticed a human
   645 | D        | Killed a human
   646 | D        | Reached skill level 13 in Axes
   646 | D        | Reached XP level 7. HP: 74/74 MP: 7/7
   698 | D        | Found a glowing silver altar of Zin.
   698 | D        | Found a glowing golden altar of the Shining One.
   698 | D        | Found a white marble altar of Elyvilon.
   709 | D        | Noticed a shadow
   721 | D        | Killed a shadow
   722 | D        | Reached skill level 5 in Dodging
   722 | D        | Reached ***** piety under Trog
   924 | D        | Noticed a deep elf pyromancer
   937 | D        | Killed a deep elf pyromancer
   938 | D        | Reached skill level 15 in Axes
   938 | D        | Reached XP level 8. HP: 85/85 MP: 8/8
   978 | D        | Found a blossoming altar of Fedhas.
   978 | D        | Found a stormy altar of Qazlal.
   978 | D        | Found a snail-covered altar of Cheibriados.
   978 | D        | Found a burning altar of Makhleb.
   978 | D        | Found a shimmering altar of Xom.
   979 | D        | Found a hazy altar of Hepliaklqana.
   979 | D        | Found an opulent altar of Gozag.
   979 | D        | Found a sparkling altar of Nemelex Xobeh.
   979 | D        | Found a corrupted altar of Lugonu.
   979 | D        | Found a viscous altar of Jiyva.
  1044 | D        | Received a gift from Trog
  1206 | D        | Noticed a two-headed ogre
  1215 | D        | Killed a two-headed ogre
  1216 | D        | Reached skill level 16 in Axes
  1216 | D        | Reached XP level 9. HP: 93/93 MP: 9/9
  1273 | D        | Noticed Erolcha
  1273 | D        | Noticed a two-headed ogre
  1278 | D        | Killed Erolcha
  1279 | D        | Reached skill level 17 in Axes
  1312 | D        | Mangled by a two-headed ogre

Illustrated notes

Levels and vault maps discovered:
D:        dungeon_sprint_mu [sprint_mu_entry_cave, sprint_mu_temple_rooms,
          sprint_mu_d1_spiders, sprint_mu_d2_genie, sprint_mu_d3_branching,
          sprint_mu_orc_legion, sprint_mu_elf_gauntlet, sprint_mu_hive_nellie,
          sprint_mu_lair_fedhas, sprint_mu_vaults_butterflies,
          sprint_mu_slime_circle, sprint_mu_shoals_archi,
          sprint_mu_snake_twists, sprint_mu_blade_basic,
          sprint_mu_crypt_chambers, sprint_mu_tomb_spiral,
          sprint_mu_vestibule_basic, sprint_mu_gehenna_hellfire,
          sprint_mu_dis_giant, sprint_mu_tartarus_statrot,
          sprint_mu_cocytus_islands, sprint_mu_zot1]

Skill      XL: |  1  2  3  4  5  6  7  8  9 |
---------------+----------------------------+-----
Fighting       | 5 7 8 9 11 12 13 14 | 14.5
Axes           | 6 8 9 10 13 15 16 17 | 17.5
Dodging        | 2 3 4 5 6 |  6.4
Armour         | 3 4 6 7 8 9 |  9.0
Stealth        | 1 2 3 |  3.7

Action                     |  1- 3 |  4- 6 |  7- 9 || total
---------------------------+-------+-------+-------++-------
  Melee: Hand axe          |    18 |    41 |    41 ||   100
         Punch             |       |     1 |       ||     1
         Battleaxe         |       |       |    21 ||    21
 Invoke: Berserk           |     3 |     3 |     6 ||    12
   Stab: Sleeping          |     1 |       |       ||     1
 Armour: Leather armour    |     1 |     4 |       ||     5
  Dodge: Dodged            |     4 |    17 |    32 ||    53

Table legend: (Time is in decaauts)
 A = Elapsed time spent in this place.
 B = Non-inter-level travel time spent in this place.
 C = Inter-level travel time spent in this place.
 D = Time resting spent in this place.
 E = Time spent auto-exploring this place.
 F = Levels seen in this place.
 G = Mean time per level.
                   A        B        C        D        E       F      G
               +--------+--------+--------+--------+--------+-----+--------+
         Total |   1409 |   1368 |     41 |   1003 |     70 |   1 | 1409.0 |
       Dungeon |   1409 |   1368 |     41 |   1003 |     70 |   1 | 1409.0 |
               +--------+--------+--------+--------+--------+-----+--------+

Top non-repeatable levels by time:
       D: 1409 daAuts
